General information
- name: BNet
- type: Ladder team game (AT/RT)
- host: Battle.net
- saver: Bromeister
map: GnollWood
- players: 6
- length: 17:44
- speed: Fast
- version: 1.26 W3XP
- replay type: Public
» download(96 KB)
Players
team 1 (winner)
Bromeister (
purple | 79 APM | 1394 actions | 17:44)
6 Priestess of the Moon
2 Searing Arrows
3 Trueshot Aura
1 Starfall
» actions
| Assign group hotkey | 19 | |
| Basic commands | 4 | |
| Build / train | 52 | |
| Enter build submenu | 17 | |
| Enter hero's abilities submenu | 7 | |
| Give item / drop item | 1 | |
| Remove unit from queue | 3 | |
| Right click | 822 | |
| Select / deselect | 213 | |
| Select group hotkey | 217 | |
| Use ability | 38 | |
1394 total
» units
| Wisp | 18 | |
| Forest Troll Shadow Priest | 1 | |
| Forest Troll Berserker | 1 | |
| Dryad | 8 | |
| Chimaera | 2 | |
30 total
» upgrades
| Strength of the Wild | 3 | |
| Abolish Magic | 1 | |
| Reinforced Hides | 1 | |
5 total
» buildings
| Hunter's Hall | 1 | |
| Moon Well | 6 | |
| Altar of Elders | 1 | |
| Ancient Protector | 3 | |
| Tree of Ages | 1 | |
| Ancient of Lore | 2 | |
| Tree of Eternity | 1 | |
| Ancient of Wonders | 1 | |
| Ancient of Wind | 1 | |
| Chimaera Roost | 1 | |
18 total
» build order
00:09 Hunter's Hall
00:36 Moon Well
01:45 Altar of Elders
01:57 Ancient Protector
02:19 Ancient Protector
03:25 Ancient Protector
03:30 Moon Well
05:07 Tree of Ages
08:18 Ancient of Lore
08:20 Ancient of Lore
08:28 Tree of Eternity
09:23 Moon Well
09:24 Moon Well
10:54 Ancient of Wonders
12:22 Ancient of Wind
13:43 Moon Well
13:46 Chimaera Roost
14:46 Moon Well
» items
| Boots of Speed | 1 | |
| Potion of Lesser Invulnerability | 1 | |
| Scroll of Protection | 1 | |
| Scroll of Town Portal | 2 | |
5 total

»
Wilzyx (
teal | 67 APM | 1188 actions | 17:43)
6 Keeper of the Grove
3 Entangling Roots
1 Thorns Aura
1 Force of Nature
1 Tranquility
» actions
| Assign group hotkey | 21 | |
| Basic commands | 91 | |
| Build / train | 52 | |
| ESC pressed | 3 | |
| Enter build submenu | 18 | |
| Enter hero's abilities submenu | 6 | |
| Give item / drop item | 1 | |
| Right click | 360 | |
| Select / deselect | 241 | |
| Select group hotkey | 344 | |
| Use ability | 51 | |
1188 total
» units
| Wisp | 13 | |
| Archer | 11 | |
| Hippogryph | 5 | |
29 total
» upgrades
| Strength of the Moon | 3 | |
| Moon Armor | 2 | |
| Improved Bows | 1 | |
| Hippogryph Taming | 1 | |
| Marksmanship | 1 | |
8 total
» buildings
| Altar of Elders | 1 | |
| Moon Well | 6 | |
| Ancient of War | 2 | |
| Ancient of Wonders | 1 | |
| Hunter's Hall | 1 | |
| Ancient Protector | 1 | |
| Tree of Ages | 1 | |
| Ancient of Wind | 2 | |
| Tree of Eternity | 1 | |
16 total
» build order
00:14 Altar of Elders
00:21 Moon Well
01:06 Ancient of War
01:51 Moon Well
02:03 Ancient of War
03:22 Moon Well
03:25 Ancient of Wonders
05:09 Hunter's Hall
05:13 Moon Well
06:15 Ancient Protector
06:17 Tree of Ages
08:46 Ancient of Wind
08:52 Ancient of Wind
10:48 Tree of Eternity
14:28 Moon Well
15:27 Moon Well
» items
| Circlet of Nobility | 1 | |
| Scroll of Town Portal | 2 | |
| Potion of Healing | 1 | |
| Lesser Clarity Potion | 1 | |
5 total
kullconiak (
yellow | 16 APM | 291 actions | 17:43)
5 Tauren Chieftain
3 Endurance Aura
2 War Stomp
» actions
| Basic commands | 12 | |
| Build / train | 32 | |
| Enter build submenu | 16 | |
| Enter hero's abilities submenu | 5 | |
| Right click | 90 | |
| Select / deselect | 118 | |
| Use ability | 18 | |
291 total
» units
» upgrades
| Melee Weapons | 2 | |
| Armor | 2 | |
| Berserker Strength | 1 | |
| Pillage | 1 | |
6 total
» buildings
| Altar of Storms | 1 | |
| Orc Burrow | 6 | |
| Barracks | 2 | |
| War Mill | 1 | |
| Stronghold | 2 | |
| Watch Tower | 1 | |
| Great Hall | 1 | |
14 total
» build order
00:13 Altar of Storms
00:16 Orc Burrow
00:52 Barracks
02:07 Orc Burrow
03:07 Barracks
03:19 Orc Burrow
03:44 War Mill
06:28 Orc Burrow
06:30 Stronghold
07:22 Orc Burrow
07:35 Watch Tower
10:04 Orc Burrow
13:01 Great Hall
16:03 Stronghold
team 2 (loser)

»
dro_foshoxxx (
orange | 40 APM | 693 actions | 17:09)
3 Priestess of the Moon
2 Trueshot Aura
1 Searing Arrows
2 Keeper of the Grove
1 Entangling Roots
1 Thorns Aura
1 Archmage
1 Summon Water Elemental
» actions
| Assign group hotkey | 15 | |
| Build / train | 45 | |
| Enter build submenu | 11 | |
| Enter hero's abilities submenu | 6 | |
| Right click | 216 | |
| Select / deselect | 188 | |
| Select group hotkey | 189 | |
| Use ability | 23 | |
693 total
» units
| Wisp | 10 | |
| Archer | 8 | |
| Huntress | 6 | |
| Dryad | 3 | |
| Druid of the Claw | 1 | |
28 total
» upgrades
| Strength of the Moon | 2 | |
| Moon Armor | 1 | |
| Strength of the Wild | 2 | |
| Reinforced Hides | 1 | |
| Abolish Magic | 1 | |
7 total
» buildings
| Moon Well | 5 | |
| Altar of Elders | 1 | |
| Ancient of War | 1 | |
| Hunter's Hall | 1 | |
| Tree of Ages | 1 | |
| Ancient of Wonders | 1 | |
| Ancient of Lore | 1 | |
| Tree of Eternity | 1 | |
12 total
» build order
00:20 Moon Well
00:27 Altar of Elders
00:59 Ancient of War
01:20 Moon Well
02:03 Hunter's Hall
02:39 Moon Well
05:08 Tree of Ages
06:05 Ancient of Wonders
08:08 Ancient of Lore
09:19 Moon Well
09:22 Moon Well
10:12 Tree of Eternity

»
SilverClade (
green | 59 APM | 931 actions | 15:39)
2 Archmage
1 Summon Water Elemental
1 Brilliance Aura
1 Mountain King
1 Storm Bolt
» actions
| Assign group hotkey | 24 | |
| Basic commands | 9 | |
| Build / train | 96 | |
| Enter build submenu | 24 | |
| Enter hero's abilities submenu | 3 | |
| Give item / drop item | 3 | |
| Right click | 290 | |
| Select / deselect | 300 | |
| Select group hotkey | 56 | |
| Use ability | 126 | |
931 total
» units
| Peasant | 20 | |
| Sorceress | 8 | |
| Spell Breaker | 5 | |
| Priest | 2 | |
35 total
» upgrades
| Lumber Harvesting | 2 | |
| Swords | 3 | |
| Plating | 2 | |
| Sorceress Training | 2 | |
| Priest Training | 2 | |
| Control Magic | 1 | |
12 total
» buildings
| Altar of Kings | 1 | |
| Farm | 13 | |
| Arcane Vault | 2 | |
| Keep | 5 | |
| Town Hall | 1 | |
| Lumber Mill | 1 | |
| Blacksmith | 1 | |
| Castle | 2 | |
| Arcane Sanctum | 5 | |
31 total
» build order
00:05 Altar of Kings
00:07 Farm
01:02 Arcane Vault
01:29 Farm
03:40 Keep
03:40 Keep
03:40 Keep
04:32 Town Hall
05:07 Lumber Mill
06:00 Blacksmith
06:36 Castle
06:37 Castle
06:49 Farm
06:52 Farm
07:23 Farm
07:26 Farm
08:03 Farm
08:06 Farm
08:48 Arcane Sanctum
09:15 Arcane Sanctum
09:28 Arcane Vault
09:36 Arcane Sanctum
09:51 Farm
09:54 Farm
10:24 Farm
12:02 Farm
12:03 Farm
13:18 Arcane Sanctum
13:47 Arcane Sanctum
» items
| Lesser Clarity Potion | 2 | |
| Scroll of Regeneration | 2 | |
| Staff of Teleportation | 1 | |
| Staff of Sanctuary | 5 | |
| Potion of Mana | 2 | |
| Orb of Fire | 1 | |
| Scroll of Town Portal | 1 | |
| Potion of Healing | 2 | |
16 total
YOLO1992 (
blue | 53 APM | 937 actions | 17:42)
1 Blademaster
1 Wind Walk
» actions
| Basic commands | 1 | |
| Build / train | 59 | |
| Enter build submenu | 20 | |
| Enter hero's abilities submenu | 1 | |
| Remove unit from queue | 1 | |
| Right click | 493 | |
| Select / deselect | 292 | |
| Use ability | 70 | |
937 total
» units
» upgrades
| Ensnare | 1 | |
| Melee Weapons | 1 | |
| Armor | 1 | |
3 total
» buildings
| Altar of Storms | 1 | |
| Orc Burrow | 6 | |
| Voodoo Lounge | 1 | |
| War Mill | 1 | |
| Stronghold | 1 | |
| Watch Tower | 6 | |
| Beastiary | 2 | |
18 total
» build order
00:04 Altar of Storms
00:05 Orc Burrow
00:25 Voodoo Lounge
01:21 War Mill
01:54 Orc Burrow
02:56 Stronghold
03:29 Watch Tower
03:31 Watch Tower
03:39 Watch Tower
05:14 Orc Burrow
05:18 Beastiary
05:21 Beastiary
05:25 Watch Tower
06:16 Watch Tower
06:31 Watch Tower
08:02 Orc Burrow
08:04 Orc Burrow
08:26 Orc Burrow
» items
| Healing Salve | 3 | |
| Lesser Clarity Potion | 2 | |
| Scroll of Town Portal | 1 | |
6 total
Chat log
(00:13 / All) Bromeister: rank 7 baby
(00:42 / All) Bromeister: sorry if that came out douchey lol
(00:51 / All) Bromeister: was excited
(00:57 / All) Bromeister: got new clan started up
(00:58 / All) Bromeister: for RT players
(01:05 / Allies) Bromeister: tower rushing
(01:06 / Allies) Bromeister: backdoor
(01:11 / Allies) Bromeister: lol a tunnell
(01:13 / Allies) Wilzyx: ok
(01:17 / Allies) kullconiak: k
(01:18 / Allies) Bromeister: im pro just mass t1 untis
(01:27 / Allies) Bromeister: mass archers _ grunts
(01:34 / Allies) Wilzyx: k
(01:34 / Allies) Bromeister: go kotg bro
(01:44 / Allies) Wilzyx: k
(01:58 / Allies) Bromeister: LOL
(01:59 / Allies) Bromeister: watch
(02:01 / Allies) Bromeister: im gona eat tree
(02:05 / Allies) Bromeister: and make a backdoor rape tunnel
(02:25 / Allies) Bromeister: this is like the funniest strat in the whoel game
(02:29 / Allies) Bromeister: care
(02:30 / Allies) Bromeister: dont get seen
(02:39 / Allies) Bromeister: micro
(02:39 / Allies) Bromeister: micor
(02:41 / Allies) Bromeister: micro
(02:42 / Allies) Bromeister: heal it
(02:45 / Allies) Bromeister: meld
(02:59 / Allies) Bromeister: get a shop and buy moonstone and dust
(03:06 / Allies) Bromeister: watch this
(03:11 / Allies) Bromeister: gona build
(03:47 / Allies) Bromeister: LOL
(04:31 / All) Bromeister: um
(04:32 / All) Bromeister: how the fuck
(04:34 / All) Bromeister: did u guyssee thsi
(04:45 / Allies) Wilzyx: b?
(04:50 / Allies) Bromeister: RUN
(04:51 / Allies) Bromeister: RUN
(04:53 / Allies) Bromeister: TP
(05:16 / Allies) Bromeister: tower up
(05:17 / Allies) Bromeister: turtle guys
(05:19 / Allies) Wilzyx: k
(05:35 / Allies) Bromeister: wow nice archers teal
(05:40 / Allies) Bromeister: very nice
(05:41 / Allies) Bromeister: micro them
(05:54 / Allies) Bromeister: very nice
(06:00 / Allies) Bromeister: teal good player
(06:06 / Allies) Wilzyx: sometimes
(06:10 / Allies) Bromeister: very good
(06:27 / Allies) Bromeister: shadowmeld them
(06:31 / Allies) Bromeister: one by one
(07:01 / Allies) Bromeister: creep fast
(07:03 / Allies) Wilzyx: gonna heal
(07:05 / Allies) Bromeister: yessir
(07:24 / All) Bromeister: hello - martin solveig
(07:29 / All) Bromeister: fuck you
(07:35 / Allies) Wilzyx: unit
(07:35 / All) Bromeister: dont bm
(07:42 / All) Bromeister: bm dont u nigger
(07:56 / Allies) Bromeister: mine
(07:59 / Allies) Bromeister: here give it to me
(08:06 / Allies) Bromeister: claw
(08:10 / Allies) Bromeister: yes ty
(08:23 / Allies) Wilzyx: ?
(08:39 / Allies) Bromeister: mid
(08:42 / Allies) Bromeister: dont hit them yet
(08:45 / Allies) Bromeister: ew need t4
(08:56 / Allies) Bromeister: hey yellow
(08:57 / Allies) Bromeister: micro ur units
(09:02 / Allies) Bromeister: like peons
(09:04 / Allies) Bromeister: after they built
(09:16 / Allies) Bromeister: give robe to teal
(09:29 / Allies) Bromeister: must clear
(09:30 / Allies) Bromeister: for expo
(09:34 / Allies) Bromeister: for late game
(10:06 / Allies) Bromeister: mine
(10:14 / Allies) Bromeister: i need
(10:19 / Allies) Bromeister: ur s
(10:20 / Allies) Bromeister: ty
(10:21 / Allies) Bromeister: tp
(10:25 / Allies) Wilzyx: TP NOW
(10:27 / Allies) Bromeister: tp
(10:27 / Allies) Bromeister: tp
(10:37 / Allies) Bromeister: yellow is fast
(10:38 / Allies) Bromeister: LOL
(10:38 / Allies) Bromeister: he ran
(10:55 / Allies) Bromeister: buy a tp
(11:10 / Allies) Bromeister: hit
(11:11 / Allies) Bromeister: yes
(11:28 / Allies) Bromeister: check
(11:31 / Allies) Bromeister: tp
(11:35 / Allies) Bromeister: dude
(11:36 / Allies) Bromeister: fix
(11:37 / Allies) Bromeister: fix
(11:58 / Allies) Bromeister: hit
(12:02 / All) Bromeister: gg
(12:09 / All) Bromeister: lmfao
(12:12 / All) Bromeister: u guys lose every unit
(12:12 / All) Bromeister: for that
(12:18 / All) Bromeister: i lold
(12:29 / All) Bromeister: yes
(12:33 / All) Bromeister: hi
(12:36 / All) Bromeister: dont ff me
(12:37 / All) Bromeister: plz
(12:40 / All) Bromeister: LMFAO
(12:55 / All) Bromeister: LOL
(13:00 / All) Bromeister: LOL
(13:01 / All) Bromeister: GET AM
(13:02 / All) Bromeister: GET AM
(13:03 / All) Bromeister: LOL
(13:08 / All) Bromeister: LOMAF
(13:12 / All) Bromeister: blue
(13:15 / All) Bromeister: are u alike a
(13:16 / All) Bromeister: comedian
(13:19 / All) Bromeister: just wodneirng
(13:23 / All) Bromeister: lol
(13:28 / All) Bromeister: lol
(13:29 / All) Bromeister: level 3 aura
(13:54 / All) Bromeister: i lmfaoed
(15:04 / All) Bromeister: LOL
(15:42 / All) Bromeister: understand
(15:43 / All) Bromeister: drayds
(15:46 / Allies) Bromeister: are the cheapest units
(15:49 / All) Bromeister: are the cheapest untis
(15:52 / All) Bromeister: int the game
(15:59 / All) Bromeister: LOLOL
(16:41 / All) Bromeister: lmao
(16:48 / Allies) Bromeister: gold me
(16:49 / Allies) Bromeister: yellow
(16:53 / Allies) Bromeister: now